 Dungeon Crawl Stone Soup version 0.31-a0-851-g7ff8af7976 (webtiles) character file.

Game seed: 7712924337684311845

534 santy the Covered (level 7, -3/55 HPs)
             Began as a Human Fighter on Oct 5, 2023.
             Slain by a gnoll sergeant
             ... wielding a +1 spear of flaming
              (9 damage)
             ... on level 5 of the Dungeon.
             The game lasted 00:19:19 (4703 turns).

santy the Covered (Human Fighter)                   Turns: 4703, Time: 00:19:19

Health: -3/55      AC:  8    Str: 18    XL:     7   Next: 50%
Magic:  7/7        EV:  9    Int:  9    God:
Gold:   96         SH:  4    Dex: 12    Spells: 6/6 levels left

rFire   . . .        C - +0 flail (protect)
rCold   . . .        c - +0 buckler
rNeg    . . .        b - +0 scale mail
rPois   .            (no helmet)
rElec   .            (no cloak)
rCorr   .            (no gloves)
SInv    .            r - +0 pair of boots
Will    .....        (no amulet) Stlth
                     (no ring)
HPRegen 0.29/turn    (no ring)
MPRegen 0.10/turn

%: no passive effects
@: no status effects
A: no striking features
a: no special abilities


You were on level 5 of the Dungeon.
You visited 1 branch of the dungeon, and saw 5 of its levels.

You collected 96 gold pieces.

Inventory:

Hand Weapons
 a - a +0 long sword
 e - a +0 dagger
 f - a +0 dagger
 i - a +0 dagger
 j - a +0 club
 l - a +0 hand axe
 m - a +0 rapier
 u - a +0 mace
 x - a +0 scythe
 z - a +0 short sword
 C - a +0 flail of protection (weapon)
 D - a +0 mace
 F - a +0 dagger
 G - a +0 hand axe
 J - a +0 short sword
 K - a +0 sling
 L - a +0 dagger
 M - a +0 sling
 O - a +0 arbalest
 P - a +0 hand axe
 T - a +0 dagger
 X - a +0 dagger
Missiles
 q - 3 atropa-tipped darts
Armour
 b - a +0 scale mail (worn)
 c - a +0 buckler (worn)
 g - a +0 scale mail
 h - a +0 leather armour
 n - a +0 robe
 o - a +0 leather armour
 r - a +0 pair of boots (worn)
 w - a +0 pair of gloves
 y - a +0 leather armour
 A - a +0 robe
 E - a +0 leather armour
 H - a +0 leather armour
 I - a +0 robe
 N - a +0 ring mail
 R - a +0 animal skin
 S - a +0 helmet
 U - a +0 robe
 W - a +0 robe of resistance
Jewellery
 t - an amulet of guardian spirit
Wands
 Q - a wand of flame (8)
Scrolls
 p - 2 scrolls of fear {unknown}
 s - a scroll of poison {unknown}
 V - a scroll of identify {unknown}
 Y - a scroll of teleportation {unknown}
Potions
 d - a potion of might
 k - 2 potions of lignification {unknown}
 v - a potion of attraction {unknown}
 B - 2 potions of curing {unknown}
 Z - 2 potions of mutation {unknown}


   Skills:
 + Level 4.3 Fighting
 + Level 4.4 Long Blades
 + Level 2.5 Maces & Flails
 + Level 4.5 Armour
 + Level 1.3 Dodging
 + Level 0.2 Stealth
 + Level 3.7 Shields


You had 6 spell levels left.
You didn't know any spells.
Your spell library contained the following spells:

 Spells                   Type           Power      Damage    Failure   Level
 Shock                    Conj/Air       0%         1d3       83%         1
 Cigotuvi's Dreadful Rot  Necr/Pois/Air  0%         N/A       93%         2
 Static Discharge         Conj/Air       0%         2-2/arc   93%         2
 Inner Flame              Hex/Fire       0%         N/A       99%         3
 Swiftness                Air            0%         N/A       99%         3
 Airstrike                Air            0%         2d(0-16)  100%        4
 Dispel Undead            Necr           0%         3d6       100%        4
 Flame Wave               Conj/Fire      0%         2d4       100%        4
 Sticky Flame             Conj/Fire      0%         2d3       100%        4
 Summon Lightning Spire   Summ/Air       0%         N/A       100%        4
 Death Channel            Necr           0%         N/A       100%        6


Dungeon Overview and Level Annotations

Branches:
Dungeon (5/15)
 Temple: D:4-7

Altars:


Message History

The gnoll barely misses you.
The gnoll sergeant hits you but does no damage.
You block the gnoll's attack. The gnoll hits you but does no damage.
The gnoll barely misses you. The gnoll closely misses you.
The gnoll sergeant hits you with a +1 spear of flaming.
The gnoll sergeant burns you. The gnoll hits you with a +0 flail.
You closely miss the gnoll.
The gnoll is heavily wounded.
The gnoll hits you but does no damage.
The gnoll sergeant hits you with a +1 spear of flaming!
The gnoll sergeant burns you. The gnoll hits you but does no damage.
The gnoll hits you from afar with a +0 spear!
You hit the gnoll.
You kill the gnoll!
The gnoll hits you but does no damage.
The gnoll sergeant hits you but does no damage.
The gnoll misses you.
Found an escape hatch in the floor.
The gnoll hits you from afar with a +0 spear.
* * * LOW HITPOINT WARNING * * *
The gnoll sergeant hits you but does no damage.
The gnoll hits you but does no damage.
Things that are here:
a +0 flail; a gnoll corpse You block the gnoll's attack.
The gnoll sergeant hits you but does no damage.
The gnoll hits you from afar with a +0 spear.
* * * LOW HITPOINT WARNING * * *
You block the gnoll sergeant's attack. The gnoll closely misses you.
The gnoll sergeant attacks as it pursues you!
The gnoll sergeant hits you from afar with a +1 spear of flaming!
* * * LOW HITPOINT WARNING * * *
The gnoll sergeant burns you.
* * * LOW HITPOINT WARNING * * *
The gnoll sergeant hits you but does no damage.
The gnoll sergeant attacks as it pursues you!
You block the gnoll sergeant's attack.
The gnoll sergeant attacks as it pursues you!
The gnoll sergeant hits you from afar with a +1 spear of flaming!
You die...

##.## ..... ....
.....##.#. ...........
... ..#....###
####..##.##.......### ##
.#.#................###..
...$.......##...@........
..<....# ................
.......# ......#g.....#.
..[.#.#.......#.....###
..... .. .#####..g!..# #
...... ... ####s...##...
....... g. #g.)g........
.#.....g . #.#g#........
.##...... ...gs##.......


You could see a gnoll sergeant, a scorpion and 2 gnolls.

Vanquished Creatures
  Sigmund (D:2)
  A phantom (D:4)
  2 iguanas (D:4)
  2 orc wizards
  Robin (D:3)
  A gnoll (D:5)
  6 adders
  3 worms
  A dart slug (D:1)
  13 orcs
  6 endoplasms
  4 giant cockroaches
  13 goblins
  8 hobgoblins
  11 jackals
  5 kobolds
  2 quokkas
  4 ball pythons
  7 bats
  A frilled lizard (D:3)
  6 rats
98 creatures vanquished.

Notes
Turn   | Place    | Note
-------+----------+-------------------------------------------
     0 | D:1      | santy the Human Fighter began the quest for the Orb.
     0 | D:1      | Reached XP level 1. HP: 18/18 MP: 1/1
    78 | D:1      | Reached XP level 2. HP: 23/24 MP: 2/2
   908 | D:1      | Reached XP level 3. HP: 29/29 MP: 3/3
  1468 | D:2      | Reached XP level 4. HP: 35/35 MP: 4/4
  2417 | D:2      | Noticed Sigmund
  2437 | D:2      | Killed Sigmund
  2438 | D:2      | Reached XP level 5. HP: 18/42 MP: 5/5
  2438 | D:2      | Reached XP level 6. HP: 21/48 MP: 6/6
  2741 | D:3      | Reached skill level 1 in Dodging
  3158 | D:3      | Noticed Robin
  3237 | D:3      | Killed Robin
  3579 | D:5      | Entered Level 5 of the Dungeon
  3609 | D:4      | Reached skill level 1 in Maces & Flails
  3609 | D:4      | Reached XP level 7. HP: 25/54 MP: 7/7
  4703 | D:5      | Slain by a gnoll sergeant

Illustrated notes

Levels and vault maps discovered:
D:1:      lemuel_arrival_behind_the_door_small, layout_basic, roderic_lattice_a,
          minmay_pentomino_q4
D:2:      layout_rooms, serial_curves, eino_curves_03, eino_curves_02,
          nicolae_hexahallways, uniq_sigmund
D:3:      layout_rooms, uniq_robin
D:4:      layout_basic, minivault_26, eino_curves_04,
          kennysheep_opposing_triangles
D:5:      layout_cave_pools, ebering_ghost_sewer_d

Skill      XL: |  1  2  3  4  5  6  7 |
---------------+----------------------+-----
Long Blades    | 4 |  4.4
Armour         | 4 |  4.5
Dodging        | 1 |  1.3
Fighting       | 4 |  4.3
Maces & Flails | 1 2 |  2.5
Stealth        | |  0.2
Shields        | |  3.7

Action                     |  1- 3 |  4- 6 |  7- 9 || total
---------------------------+-------+-------+-------++-------
  Melee: Long sword        |   101 |   113 |       ||   214
         Flail             |       |    98 |    85 ||   183
 Armour: Scale mail        |    85 |   204 |    69 ||   358
  Dodge: Dodged            |    65 |   107 |    46 ||   218
  Block: Buckler           |    25 |    47 |    28 ||   100

Table legend: (Time is in decaauts)
 A = Elapsed time spent in this place.
 B = Non-inter-level travel time spent in this place.
 C = Inter-level travel time spent in this place.
 D = Time resting spent in this place.
 E = Time spent auto-exploring this place.
 F = Levels seen in this place.
 G = Mean time per level.
                   A        B        C        D        E       F      G
               +--------+--------+--------+--------+--------+-----+--------+
         Total |   4835 |   4835 |      0 |   2233 |      0 |   5 |  967.0 |
       Dungeon |   4835 |   4835 |      0 |   2233 |      0 |   5 |  967.0 |
               +--------+--------+--------+--------+--------+-----+--------+

Top non-repeatable levels by time:
     D:2: 1833 daAuts
     D:4: 1166 daAuts
     D:1: 956 daAuts
     D:3: 851 daAuts
     D:5: 27 daAuts
